 Dungeon Sprint DCSS version 0.31-a0-339-gda1cbd555d (webtiles) character file.

Game seed: 4261311327930605886

16700000 Monkooky the Ninja (level 27, -4/292 HPs)
             Began as an Armataur Warper on July 20, 2023.
             Was the Champion of Makhleb.
             Killed by divine providence
             ... invoked by an observer
              (10 damage)
             ... in the Dungeon (Sprint VIII: "Arena of Blood").
             The game lasted 00:07:18 (167 turns).

Monkooky the Ninja (Armataur Warper)                 Turns: 167, Time: 00:07:18

Health: -4/292     AC:  8    Str: 19    XL:     27
Magic:  20/54      EV: 25    Int: 18    God:    Makhleb [******]
Gold:   0          SH:  0    Dex: 17    Spells: 76/80 levels left

rFire   + . .        j - +∞ Axe of Woe
rCold   . . .        (shield currently unavailable)
rNeg    . . .        b - +0 leather armour
rPois   .            (no helmet)
rElec   .            (no cloak)
rCorr   .            (no gloves)
SInv    +            (no barding)
Will    ++...        (no amulet)
Stlth   +++++++++    g - ring of see invisible
HPRegen 0.68/turn    k - ring of protection from fire
MPRegen 0.34/turn

%: no teleportation, roll
@: slowed, very slow
A: large, rugged brown scales 3, deformed body, armoured tail, roll, long
tongue, awkward tongue
a: Renounce Religion, Minor Destruction, Lesser Servant of Makhleb, Major
Destruction, Greater Servant of Makhleb


You were in the Dungeon.
You worshipped Makhleb.
Makhleb was exalted by your worship.
You visited 1 branch

Inventory:

Hand Weapons
 a - a +0 hand axe
 j - the +∞ Axe of Woe (weapon)
   (You found it in the Dungeon)
Missiles
 d - 7 boomerangs of dispersal
Armour
 b - a +0 leather armour (worn)
Jewellery
 g - a ring of see invisible (left hand)
 k - a ring of protection from fire (right hand)
Scrolls
 c - a scroll of blinking
Potions
 e - a potion of curing
 f - a potion of heal wounds
 h - a potion of magic
 i - a potion of berserk rage


   Skills:
 O Level 27 Fighting
 O Level 27 Short Blades
 O Level 27 Long Blades
 O Level 27 Axes
 O Level 27 Maces & Flails
 O Level 27 Polearms
 O Level 27 Staves
 O Level 27 Ranged Weapons
 O Level 27 Throwing
 O Level 27 Armour
 O Level 27 Dodging
 O Level 27 Stealth
 O Level 27 Shields
 O Level 27 Unarmed Combat
 O Level 27 Spellcasting
 O Level 27 Conjurations
 O Level 27 Hexes
 O Level 27 Summonings
 O Level 27 Necromancy
 O Level 27 Translocations
 O Level 27 Transmutations
 O Level 27 Fire Magic
 O Level 27 Ice Magic
 O Level 27 Air Magic
 O Level 27 Earth Magic
 O Level 27 Poison Magic
 O Level 27 Invocations
 O Level 27 Evocations
 O Level 27 Shapeshifting


You had 76 spell levels left.
You knew the following spells:

 Your Spells              Type           Power      Damage    Failure   Level
a - Manifold Assault      Tloc           88%        N/A       0%          4

Your spell library contained the following spells:

 Spells                   Type           Power      Damage    Failure   Level
 Blink                    Tloc           100%       N/A       0%          2
 Lesser Beckoning         Tloc           100%       N/A       0%          2
 Teleport Other           Tloc           88%        N/A       0%          3
 Vhi's Electric Charge    Tloc/Air       100%       N/A       0%          3


Dungeon Overview and Level Annotations

Branches:
Dungeon (1/1)

Altars:
Makhleb


Innate Abilities, Weirdness & Mutations

You are completely covered in rugged brown scales. (AC +3, +7% HP)
Armour fits poorly on your strangely shaped body.
You have a long armoured tail.
You roll when moving toward enemies. (Rampage)
Your long tongue fully drains potion bottles. (2x potion effects)
Your tongue gives you trouble enunciating. (1.5x scroll delay)


Message History

You destroy the sculptor of flesh!
Makhleb accepts your kill.
You feel better.
The dread appears out of thin air!
A dread comes into view.
The observer gazes at you. The bolt of fire hits you!! You resist.
* * * LOW HITPOINT WARNING * * *
You hear a shout! x5
The observer gazes at you. The bolt of fire hits you!! You resist.
* * * LOW HITPOINT WARNING * * *
A bag of meat comes into view. It is wielding a +9 war axe.
The bag of meat hits you with a +9 war axe!!
* * * LOW HITPOINT WARNING * * *
You hear a shout!
The destroyer is engulfed in blazing flames.
The destroyer points at you and mumbles some strange words.
The destroyer blinks!
You hear a shout! x2
The eight-headed meat hydra calls on the powers of darkness!
The eight-headed meat hydra convulses!
The bag of meat convulses! x3
The bag of meat shouts!
The observer convulses! x2; The bag of meat convulses!
The fleshlord convulses!
Your body is wracked with pain!
* * * LOW HITPOINT WARNING * * *
The observer pulsates ominously.
The bag of meat hits you with a +9 war axe!
* * * LOW HITPOINT WARNING * * *
You hear a shout! x3
Blink to where?
Press: ? - help, Dir - move target A scourge, 2 observers, a meat beast, a wretched soul and 2 fleshlords come into view.
As you slowly read the scroll of blinking, it crumbles to dust.
You hear a shout!
A meat berserker comes into view. It is wielding a +9 battleaxe.
You hear a shout! x4
The observer gazes at you. Something smites you!
You die...

.###.. ...###....G....)).))..#
......###O.........G)o###).)).#
....._........†....)§.).))..# .
.. #o....#.......#p#.....))))#
.....#_.<._#.........)GW.)))...#
.....#.....#......#.#V#...)..))#
.......o_).)...........).......#
.......###........p#.#.#..#.V..#
..###.....))###.@........#.)..)#
..#.....).#...G.........#)...#
..#.......#............#..)).#
......................†....).#
.......)..)...#...#......##..#
.V.....))))G.#....#.....##...#
....W..S).W##.....#.....#....#
.#.....p).#).....#....##.....# .
......O...#...###..))#)......#


You could see a destroyer, 4 observers, a scourge (wandering), 3 fleshlords, a
dread, a meat berserker (berserk), a wretched soul (wandering, invisible) and a
bag of meat.

Vanquished Creatures
  10 hell knights (D)
  12 hell beasts (D)
  Edmund (D)
  9 royal mummies (D)
  9 great orbs of eyes (D)
  9 wraiths (D)
  10 vampire knights (D)
  36 ogres (D)
  10 two-headed ogres (D)
  5 liches (D)
  7 hydras (D)
  8 phantoms (D)
  72 orcs (D)
  12 skeletal warriors (D)
  9 sea snakes (D)
219 creatures vanquished.

Notes
Turn   | Place    | Note
-------+----------+-------------------------------------------
     0 | D        | Found the +∞ Axe of Woe
     0 | D        | Monkooky the Armataur Warper began the quest for the Orb.
     0 | D        | Reached XP level 1. HP: 18/18 MP: 3/3
     1 | D        | Noticed a meat berserker
     1 | D        | Noticed a bag of meat
     1 | D        | Noticed a bag of meat
     3 | D        | Killed a meat berserker
     4 | D        | Reached XP level 2. HP: 25/25 MP: 4/4
     4 | D        | Reached XP level 3. HP: 31/31 MP: 5/5
     4 | D        | Reached XP level 4. HP: 38/38 MP: 6/6
     4 | D        | Reached XP level 5. HP: 43/43 MP: 7/7
     4 | D        | Reached XP level 6. HP: 51/51 MP: 8/8
     4 | D        | Reached XP level 7. HP: 56/56 MP: 9/9
     4 | D        | Reached XP level 8. HP: 64/64 MP: 10/10
     4 | D        | Reached XP level 9. HP: 71/71 MP: 11/11
     4 | D        | Reached XP level 10. HP: 78/78 MP: 12/12
     4 | D        | Reached XP level 11. HP: 84/84 MP: 13/13
     4 | D        | Noticed a meat berserker
     4 | D        | Became a worshipper of Makhleb the Destroyer
     5 | D        | Noticed a bag of meat
     5 | D        | Noticed a meat berserker
     6 | D        | Killed a meat berserker
     6 | D        | Noticed a bag of meat
     7 | D        | Reached skill level 10 in Fighting
     7 | D        | Reached XP level 12. HP: 113/113 MP: 14/14
     7 | D        | Reached XP level 13. HP: 120/120 MP: 15/15
     7 | D        | Killed a meat berserker
     7 | D        | Reached * piety under Makhleb
     7 | D        | Killed a bag of meat
     8 | D        | Reached XP level 14. HP: 142/142 MP: 16/16
     8 | D        | Noticed a bag of meat
     8 | D        | Noticed a bag of meat
     8 | D        | Noticed a bag of meat
     8 | D        | Noticed a bag of meat
     8 | D        | Noticed a bag of meat
     9 | D        | Killed a bag of meat
     9 | D        | Noticed a meat berserker
    10 | D        | Reached skill level 15 in Fighting
    10 | D        | Noticed a large bag of meat
    10 | D        | Noticed a bag of meat
    10 | D        | Noticed a bag of meat
    10 | D        | Noticed a meat berserker
    11 | D        | Noticed a bag of meat
    11 | D        | Noticed a bag of meat
    11 | D        | Noticed a bag of meat
    11 | D        | Noticed a bag of meat
    11 | D        | Noticed a bag of meat
    12 | D        | Noticed a meat berserker
    12 | D        | Killed a bag of meat
    12 | D        | Reached ** piety under Makhleb
    12 | D        | Killed a bag of meat
    12 | D        | Noticed a large bag of meat
    13 | D        | Reached skill level 27 in Stealth
    13 | D        | Killed a bag of meat
    13 | D        | Noticed a bag of meat
    13 | D        | Noticed a bag of meat
    14 | D        | Reached XP level 15. HP: 171/171 MP: 17/17
    14 | D        | Noticed a meat berserker
    14 | D        | Killed a meat berserker
    14 | D        | Reached *** piety under Makhleb
    14 | D        | Killed a meat berserker
    15 | D        | Reached skill level 27 in Fighting
    15 | D        | Reached skill level 5 in Spellcasting
    15 | D        | Reached skill level 10 in Translocations
    15 | D        | Reached XP level 16. HP: 195/195 MP: 17/23
    15 | D        | Reached **** piety under Makhleb
    15 | D        | Noticed a meat berserker
    17 | D        | Noticed a meat berserker
    18 | D        | Reached skill level 27 in Axes
    18 | D        | Killed a meat berserker
    19 | D        | Killed a meat berserker
    19 | D        | Reached ***** piety under Makhleb
    19 | D        | Killed a meat berserker
    20 | D        | Reached XP level 17. HP: 204/204 MP: 17/35
    21 | D        | Reached skill level 27 in Translocations
    21 | D        | Noticed a large bag of meat
    22 | D        | Killed a large bag of meat
    22 | D        | Killed a large bag of meat
    22 | D        | Noticed a meat berserker
    23 | D        | Reached XP level 18. HP: 117/214 MP: 18/48
    23 | D        | Noticed a large bag of meat
    23 | D        | Noticed a large bag of meat
    24 | D        | Noticed a large bag of meat
    25 | D        | Killed a meat berserker
    25 | D        | Reached ****** piety under Makhleb
    25 | D        | Noticed a large bag of meat
    26 | D        | Reached skill level 27 in Spellcasting
    26 | D        | Noticed a meat berserker
    26 | D        | Killed a meat berserker
    26 | D        | Killed a large bag of meat
    27 | D        | Reached XP level 19. HP: 185/221 MP: 18/50
    27 | D        | Killed a large bag of meat
    28 | D        | Reached skill level 27 in Invocations
    28 | D        | Reached skill level 10 in Armour
    28 | D        | Reached skill level 15 in Dodging
    28 | D        | Killed a large bag of meat
    28 | D        | Noticed an eight-headed meat hydra
    29 | D        | Killed a large bag of meat
    29 | D        | Noticed a destroyer
    30 | D        | Reached skill level 15 in Armour
    30 | D        | Reached XP level 20. HP: 180/231 MP: 19/51
    31 | D        | Noticed a destroyer
    34 | D        | Noticed a destroyer
    34 | D        | Killed a destroyer
    35 | D        | Killed a destroyer
    36 | D        | Reached skill level 27 in Dodging
    37 | D        | Reached skill level 27 in Armour
    37 | D        | Reached skill level 5 in Throwing
    37 | D        | Killed a nine-headed meat hydra
    38 | D        | Reached XP level 21. HP: 239/239 MP: 20/52
    45 | D        | Killed a large bag of meat
    45 | D        | Noticed an accursed
    45 | D        | Noticed a large bag of meat
    47 | D        | Reached skill level 27 in Throwing
    48 | D        | Noticed a destroyer
    56 | D        | Learned a level 4 spell: Manifold Assault
    59 | D        | Reached XP level 22. HP: 249/249 MP: 24/53
    62 | D        | Killed a destroyer
    62 | D        | Killed an accursed
    63 | D        | Noticed a large bag of meat
    64 | D        | Killed a large bag of meat
    65 | D        | Noticed a meat beast
    66 | D        | Reached XP level 23. HP: 240/256 MP: 25/54
    67 | D        | Killed a meat beast
    68 | D        | Reached skill level 27 in Maces & Flails
    68 | D        | Reached skill level 27 in Polearms
    68 | D        | Reached skill level 27 in Unarmed Combat
    68 | D        | Reached XP level 24. HP: 266/266 MP: 26/54
    69 | D        | Noticed an accursed
    70 | D        | Reached skill level 27 in Staves
    70 | D        | Reached skill level 1 in Short Blades
    70 | D        | Reached skill level 1 in Long Blades
    70 | D        | Reached skill level 1 in Ranged Weapons
    70 | D        | Reached skill level 1 in Conjurations
    70 | D        | Reached skill level 1 in Hexes
    70 | D        | Reached skill level 1 in Summonings
    70 | D        | Reached skill level 1 in Necromancy
    70 | D        | Reached skill level 1 in Transmutations
    70 | D        | Reached skill level 1 in Fire Magic
    70 | D        | Reached skill level 1 in Ice Magic
    70 | D        | Reached skill level 1 in Air Magic
    70 | D        | Reached skill level 1 in Earth Magic
    70 | D        | Reached skill level 1 in Poison Magic
    70 | D        | Reached skill level 1 in Evocations
    70 | D        | Reached skill level 1 in Shapeshifting
    71 | D        | Killed a large bag of meat
    73 | D        | Reached skill level 5 in Short Blades
    73 | D        | Reached skill level 5 in Long Blades
    73 | D        | Reached skill level 5 in Conjurations
    73 | D        | Reached skill level 5 in Hexes
    73 | D        | Reached skill level 5 in Transmutations
    73 | D        | Reached skill level 5 in Fire Magic
    73 | D        | Reached skill level 5 in Ice Magic
    73 | D        | Reached skill level 5 in Air Magic
    73 | D        | Reached skill level 5 in Earth Magic
    73 | D        | Reached skill level 5 in Poison Magic
    73 | D        | Reached skill level 5 in Evocations
    73 | D        | Noticed a dread
    74 | D        | Reached skill level 5 in Ranged Weapons
    74 | D        | Reached skill level 5 in Summonings
    74 | D        | Reached skill level 5 in Necromancy
    75 | D        | Killed an accursed
    79 | D        | Reached skill level 10 in Shields
    79 | D        | Noticed a dread
    80 | D        | Noticed a destroyer
    82 | D        | Noticed a tyrant
    83 | D        | Reached XP level 25. HP: 268/274 MP: 30/54
    83 | D        | Noticed a dread
    83 | D        | Killed a destroyer
    83 | D        | Noticed an accursed
    84 | D        | Reached skill level 10 in Short Blades
    84 | D        | Reached skill level 10 in Long Blades
    84 | D        | Reached skill level 10 in Evocations
    84 | D        | Noticed a meat beast
    85 | D        | Reached skill level 10 in Conjurations
    85 | D        | Reached skill level 10 in Hexes
    85 | D        | Reached skill level 10 in Transmutations
    85 | D        | Reached skill level 10 in Fire Magic
    85 | D        | Reached skill level 10 in Ice Magic
    85 | D        | Reached skill level 10 in Air Magic
    85 | D        | Reached skill level 10 in Earth Magic
    85 | D        | Reached skill level 10 in Poison Magic
    86 | D        | Reached skill level 10 in Ranged Weapons
    86 | D        | Reached skill level 15 in Shields
    86 | D        | Reached skill level 10 in Shapeshifting
    86 | D        | Noticed an accursed
    88 | D        | Killed a tyrant
    89 | D        | Killed a meat beast
    90 | D        | Reached skill level 15 in Short Blades
    90 | D        | Reached skill level 15 in Long Blades
    90 | D        | Reached XP level 26. HP: 275/284 MP: 33/54
    91 | D        | Reached skill level 15 in Conjurations
    91 | D        | Reached skill level 15 in Hexes
    91 | D        | Reached skill level 15 in Transmutations
    91 | D        | Reached skill level 15 in Fire Magic
    91 | D        | Reached skill level 15 in Ice Magic
    91 | D        | Reached skill level 15 in Air Magic
    91 | D        | Reached skill level 15 in Earth Magic
    91 | D        | Reached skill level 15 in Poison Magic
    91 | D        | Killed a dread
    92 | D        | Reached skill level 15 in Summonings
    92 | D        | Reached skill level 15 in Necromancy
    92 | D        | Killed an accursed
    93 | D        | Reached skill level 15 in Ranged Weapons
    93 | D        | Reached XP level 27. HP: 277/292 MP: 34/54
    96 | D        | Killed an accursed
    97 | D        | Reached skill level 15 in Shapeshifting
    97 | D        | Noticed a tyrant
    99 | D        | Noticed an accursed
   100 | D        | Killed a dread
   100 | D        | Killed a tyrant
   100 | D        | Killed an accursed
   105 | D        | Noticed a dread
   105 | D        | Noticed an accursed
   105 | D        | Noticed a meat beast
   105 | D        | Noticed a dread
   107 | D        | Noticed an accursed
   107 | D        | Noticed a destroyer
   109 | D        | Killed a meat beast
   110 | D        | Reached skill level 27 in Shields
   111 | D        | Killed an accursed
   112 | D        | Killed a dread
   112 | D        | Killed a dread
   113 | D        | Killed a destroyer
   115 | D        | Killed an accursed
   118 | D        | Reached skill level 27 in Short Blades
   118 | D        | Reached skill level 27 in Long Blades
   118 | D        | Reached skill level 27 in Evocations
   118 | D        | Noticed a dread
   120 | D        | Killed a dread
   122 | D        | Noticed a fleshlord
   122 | D        | Killed a fleshlord
   122 | D        | Noticed a destroyer
   123 | D        | Reached skill level 27 in Ranged Weapons
   123 | D        | Reached skill level 27 in Conjurations
   123 | D        | Reached skill level 27 in Hexes
   123 | D        | Reached skill level 27 in Summonings
   123 | D        | Reached skill level 27 in Necromancy
   123 | D        | Reached skill level 27 in Transmutations
   123 | D        | Reached skill level 27 in Fire Magic
   123 | D        | Reached skill level 27 in Ice Magic
   123 | D        | Reached skill level 27 in Air Magic
   123 | D        | Reached skill level 27 in Earth Magic
   123 | D        | Reached skill level 27 in Poison Magic
   123 | D        | Reached skill level 27 in Shapeshifting
   123 | D        | Noticed a fleshlord
   124 | D        | Noticed a meat beast
   125 | D        | Noticed a tyrant
   125 | D        | Noticed a meat beast
   125 | D        | Noticed a fleshlord
   126 | D        | Noticed a fleshlord
   127 | D        | Noticed a fleshlord
   127 | D        | Killed a meat beast
   127 | D        | Killed a destroyer
   128 | D        | Noticed a fleshlord
   128 | D        | Killed a fleshlord
   128 | D        | Killed a meat beast
   129 | D        | Noticed a meat beast
   129 | D        | Noticed a fleshlord
   130 | D        | Killed a fleshlord
   131 | D        | Killed a fleshlord
   131 | D        | Noticed a fleshlord
   132 | D        | Killed a fleshlord
   132 | D        | Killed a tyrant
   133 | D        | Killed a fleshlord
   133 | D        | Killed a meat beast
   134 | D        | Noticed an accursed
   134 | D        | Killed a fleshlord
   134 | D        | Noticed a fleshlord
   134 | D        | Noticed a fleshlord
   135 | D        | Killed a fleshlord
   135 | D        | Noticed a destroyer
   136 | D        | Noticed a tyrant
   136 | D        | Noticed a tyrant
   137 | D        | Noticed a destroyer
   138 | D        | Killed an accursed
   138 | D        | Killed a destroyer
   138 | D        | Killed a destroyer
   140 | D        | Killed a fleshlord
   141 | D        | Killed a fleshlord
   141 | D        | Killed a dread
   143 | D        | Noticed The Defiler
   144 | D        | Killed a tyrant
   145 | D        | Killed a tyrant
   146 | D        | Noticed a destroyer
   148 | D        | Killed a destroyer
   148 | D        | Killed The Defiler
   148 | D        | Noticed a meat beast
   150 | D        | Killed a meat beast
   150 | D        | Noticed a dread
   151 | D        | Noticed a meat beast
   151 | D        | Killed a dread
   151 | D        | Killed a meat beast
   151 | D        | Noticed an accursed
   152 | D        | Killed an accursed
   154 | D        | Noticed a meat beast
   154 | D        | Noticed a dread
   155 | D        | Noticed a large bag of meat
   155 | D        | Noticed a dread
   156 | D        | Killed a meat beast
   157 | D        | Killed a large bag of meat
   157 | D        | Killed a dread
   157 | D        | Noticed a meat beast
   157 | D        | Noticed a meat beast
   158 | D        | Killed a meat beast
   158 | D        | Killed a meat beast
   160 | D        | Noticed a fleshlord
   160 | D        | Killed a dread
   160 | D        | Noticed a destroyer
   160 | D        | Noticed a meat beast
   162 | D        | Noticed a destroyer
   163 | D        | Killed a destroyer
   164 | D        | Noticed a destroyer
   164 | D        | HP: 4/246 [wretched soul/bolt of negative energy (114)]
   165 | D        | Killed a meat beast
   167 | D        | Noticed a dread
   167 | D        | Noticed a meat beast
   167 | D        | Noticed a fleshlord
   167 | D        | Noticed a fleshlord
   167 | D        | Killed from afar by an observer

Illustrated notes

Levels and vault maps discovered:
D:        meatsprint

Skill      XL: |  1  2  3  4  5  6  7  8  9 10 11 12 13 14 15 16 17 18 19 20 21 22 23 24 25 26 27 |
---------------+----------------------------------------------------------------------------------+-----
Axes           | 24 25 27 | 27.0
Fighting       | 10 14 22 27 | 27.0
Stealth        | 17 25 27 | 27.0
Spellcasting   | 5 14 26 27 | 27.0
Translocations | 10 26 27 | 27.0
Invocations    | 26 27 | 27.0
Armour         | 15 27 | 27.0
Dodging        | 21 27 | 27.0
Throwing       | 14 27 | 27.0
Maces & Flails | 13 24 27 | 27.0
Polearms       | 12 21 27 | 27.0
Unarmed Combat | 13 23 27 | 27.0
Staves         | 23 27 | 27.0
Short Blades   | 9 15 18 27 | 27.0
Long Blades    | 9 15 18 27 | 27.0
Ranged Weapons | 8 13 15 27 | 27.0
Shields        | 11 18 21 27 | 27.0
Conjurations   | 9 14 17 27 | 27.0
Hexes          | 9 14 17 27 | 27.0
Summonings     | 8 13 15 27 | 27.0
Necromancy     | 8 13 15 27 | 27.0
Transmutations | 9 14 17 27 | 27.0
Fire Magic     | 9 14 17 27 | 27.0
Ice Magic      | 9 14 17 27 | 27.0
Air Magic      | 9 14 17 27 | 27.0
Earth Magic    | 9 14 17 27 | 27.0
Poison Magic   | 9 14 17 27 | 27.0
Evocations     | 9 16 18 27 | 27.0
Shapeshifting  | 7 12 14 27 | 27.0

Action                     |  1- 3 |  4- 6 |  7- 9 | 10-12 | 13-15 | 16-18 | 19-21 | 22-24 | 25-27 || total
---------------------------+-------+-------+-------+-------+-------+-------+-------+-------+-------++-------
  Melee: Executioner's axe |     1 |       |       |     1 |     5 |     8 |    17 |    15 |   113 ||   160
   Cast: Manifold Assault  |       |       |       |       |       |       |       |       |    20 ||    20
 Invoke: Greater Servant o |       |       |       |       |       |       |     1 |       |       ||     1
    Use: Potion            |       |       |       |       |       |     1 |       |       |     1 ||     2
         Scroll            |       |       |       |       |       |       |       |       |     1 ||     1
  Dodge: Dodged            |       |       |       |       |       |       |       |       |    15 ||    15

Table legend: (Time is in decaauts)
 A = Elapsed time spent in this place.
 B = Non-inter-level travel time spent in this place.
 C = Inter-level travel time spent in this place.
 D = Time resting spent in this place.
 E = Time spent auto-exploring this place.
 F = Levels seen in this place.
 G = Mean time per level.
                   A        B        C        D        E       F      G
               +--------+--------+--------+--------+--------+-----+--------+
         Total |    148 |    148 |      0 |      0 |      0 |   1 |  148.0 |
       Dungeon |    148 |    148 |      0 |      0 |      0 |   1 |  148.0 |
               +--------+--------+--------+--------+--------+-----+--------+

Top non-repeatable levels by time:
       D: 148 daAuts
